 Dungeon Crawl Stone Soup version 0.25.1-2-g60ff931df9 (webtiles) character file.

Game seed: 12547356285001416456

10096 Curus the Spear-Bearer (level 11, -3/136 HPs)
             Began as a Minotaur Berserker on Oct 27, 2020.
             Was a High Priest of Trog.
             Slain by an eight-headed hydra (5 damage)
             ... on level 2 of the Lair of Beasts.
             The game lasted 00:41:01 (8157 turns).

Curus the Spear-Bearer (Minotaur Berserker)         Turns: 8157, Time: 00:41:01

Health: -3/136     AC: 19    Str: 22    XL:     11   Next: 31%
Magic:  12/12      EV:  8    Int:  9    God:    Trog [*****.]
Gold:   967        SH:  7    Dex: 22    Spells: 10/10 levels left

rFire    . . .     SeeInvis .   l - +2 trident
rCold    . . .     Gourm    .   j - +1 buckler
rNeg     . . .     Faith    .   A - +3 plate armour {rPois}
rPois    +         Spirit   .   (helmet unavailable)
rElec    .         Reflect  .   (no cloak)
rCorr    .         Harm     .   (no gloves)
MR       .....                  m - +0 pair of boots
Stlth    ..........             d - amulet of regeneration
HPRegen  0.72/turn              r - +6 ring of dexterity
MPRegen  0.13/turn              C - +6 ring of dexterity

@: berserking, very quick
A: retaliatory headbutt, horns 3, clever 1, frail 1
a: Berserk, Trog's Hand, Brothers in Arms, Renounce Religion


You were on level 2 of the Lair of Beasts.
You worshipped Trog.
Trog was extremely pleased with you.
You were not hungry.

You visited 2 branches of the dungeon, and saw 12 of its levels.
You also visited: Ossuary.

You collected 967 gold pieces.

Inventory:

Hand Weapons
 a - a +1 spear
 l - a +2 trident (weapon)
Armour
 b - a +0 animal skin
 h - a +0 scale mail
 j - a +1 buckler (worn)
 m - a +0 pair of boots (worn)
 u - a +0 plate armour
 A - a +3 plate armour of poison resistance (worn)
Jewellery
 d - an amulet of regeneration (around neck)
 o - an uncursed amulet of faith
 q - the ring "Vaewod" {Str+4 Int+6}
   (You found it on level 6 of the Dungeon)

   [ring of intelligence]

   It affects your strength (+4).
   It affects your intelligence (+6).
 r - a +6 ring of dexterity (left hand)
 s - a cursed amulet of inaccuracy
 z - an uncursed ring of fire
 B - an uncursed ring of attention
 C - a +6 ring of dexterity (right hand)
Wands
 p - a wand of paralysis (27)
 y - a wand of iceblast (6)
 D - a wand of flame (26)
 E - a wand of digging (5)
Scrolls
 e - 7 scrolls of teleportation
 f - 6 scrolls of remove curse
 g - 13 scrolls of identify
 k - 2 scrolls of fear
 n - 3 scrolls of fog
Potions
 i - 6 potions of stabbing
 t - a potion of resistance
 v - 5 potions of curing
 w - a potion of might
Comestibles
 c - 24 rations


   Skills:
 + Level 11.0 Fighting
 - Level 14.0 Polearms
 + Level 10.7 Armour
 - Level 2.1 Dodging
 - Level 4.0 Shields
 - Level 3.0 Evocations


You had 10 spell levels left.
You didn't know any spells.
Your spell library was empty.

Dungeon Overview and Level Annotations

Branches:
Dungeon (10/15)            Temple (0/1) D:7            Lair (2/6) D:10
Ossuary (visited)
  Swamp: Lair:2-4    Shoals: Lair:2-4     Snake: Lair:2-4    Spider: Lair:2-4
    Orc: D:9-12

Altars:
Gozag
Sif Muna
Uskayaw
Vehumet
Xom
Yredelemnul
The Shining One

Shops:
D:5 (

Annotations:
D:4 2 transporters


Innate Abilities, Weirdness & Mutations

You reflexively headbutt those who attack you in melee.
You have a pair of large horns on your head.
Your mind is acute. (Int +2)
You are frail. (-10% HP)


Message History

The eight-headed hydra bites you but does no damage.
The eight-headed hydra bites you!
* * * LOW HITPOINT WARNING * * *
You block the eight-headed hydra's attack.
Your plate armour prevents you from hitting the eight-headed hydra.
The eight-headed hydra is heavily wounded.
You barely miss the eight-headed hydra.
The eight-headed hydra is heavily wounded.
You puncture the eight-headed hydra!
The eight-headed hydra is severely wounded.
The eight-headed hydra bites you.
* * * LOW HITPOINT WARNING * * *
The eight-headed hydra bites you but does no damage.
The eight-headed hydra bites you.
* * * LOW HITPOINT WARNING * * *
The eight-headed hydra bites you.
* * * LOW HITPOINT WARNING * * *
The eight-headed hydra bites you but does no damage.
The eight-headed hydra bites you.
You die...

....... ....... .......
....... ....... .......
......D### ##
.....##@.###P###
.......#.........#
.................##
....................#
........#...#.......#.
............##..........
............#...........
........................
........................


You could see an eight-headed hydra.

Vanquished Creatures
  Erica (Lair:1)
  A hydra (Lair:1)
  A two-headed ogre (D:8)
  A spiny frog (Lair:1)
  A komodo dragon (Lair:1)
  Grinder (D:3)
  5 hippogriffs
  2 wyverns (D:10)
  7 yaks
  A porcupine (Lair:1)
  A water moccasin (Lair:1)
  4 orc warriors
  A black bear (D:2)
  An ice beast (D:6)
  A sky beast (D:6)
  5 ogres
  A crocodile (Lair:1)
  6 centaurs
  A big kobold (D:8)
  9 bullfrogs
  A water moccasin skeleton (D:8)
  2 scorpions
  4 wights (D:9)
  3 howler monkeys
  6 crimson imps
  2 bullfrog zombies
  3 hounds
  4 jellies
  15 orc priests
  3 bullfrog skeletons
  17 orc wizards
  3 iguanas
  Natasha (thrice) (D:2)
  8 worker ants
  A big kobold zombie (Ossuary)
  A hound zombie (D:9)
  A hound skeleton (D:8)
  8 mummies (Ossuary)
  A howler monkey zombie (D:10)
  2 worker ant zombies
  4 gnolls
  7 adders
  2 shadow imps
  3 oozes
  2 adder zombies
  An adder skeleton (D:7)
  3 worms
  4 dart slugs
  3 leopard geckos
  47 orcs
  7 giant cockroaches
  2 gnoll zombies (Ossuary)
  6 goblins
  5 hobgoblins
  3 jackals
  2 quokkas
  2 ball pythons
  8 bats
  10 frilled lizards
  3 hobgoblin zombies (Ossuary)
  12 kobolds
  A leopard gecko zombie (D:7)
  2 orc zombies (Ossuary)
  3 quokka skeletons
  8 rats
  A plant (D:10)
290 creatures vanquished.

Notes
Turn   | Place    | Note
-------+----------+-------------------------------------------
     0 | D:1      | Curus the Minotaur Berserker began the quest for the Orb.
     0 | D:1      | Reached XP level 1. HP: 19/19 MP: 0/0
    92 | D:1      | Reached skill level 4 in Polearms
   114 | D:1      | Reached XP level 2. HP: 21/26 MP: 1/1
   355 | D:1      | Reached skill level 5 in Polearms
   390 | D:1      | Reached XP level 3. HP: 31/31 MP: 2/2
   413 | D:1      | Reached ** piety under Trog
   805 | D:2      | Noticed Natasha
   809 | D:2      | Killed Natasha
   809 | D:2      | Reached skill level 6 in Polearms
   809 | D:2      | Reached XP level 4. HP: 39/39 MP: 3/3
   830 | D:2      | Noticed Natasha
   841 | D:2      | Killed Natasha
   848 | D:2      | Noticed Natasha
   852 | D:2      | Killed Natasha
   930 | D:2      | Reached XP level 5. HP: 45/45 MP: 4/4
   941 | D:2      | Noticed a black bear
   952 | D:2      | Killed a black bear
   952 | D:2      | Reached skill level 7 in Polearms
  1032 | D:2      | Reached skill level 8 in Polearms
  1529 | D:3      | Reached XP level 6. HP: 51/51 MP: 5/5
  1701 | D:3      | Reached skill level 9 in Polearms
  1716 | D:3      | Reached *** piety under Trog
  1760 | D:3      | Reached XP level 7. HP: 50/57 MP: 6/6
  1859 | D:3      | Noticed Grinder
  1874 | D:3      | Killed Grinder
  1874 | D:3      | Reached skill level 10 in Polearms
  2260 | D:4      | Reached skill level 11 in Polearms
  2294 | D:4      | Reached XP level 8. HP: 23/64 MP: 7/7
  2567 | D:4      | Found a transporter.
  2758 | D:4      | Found a transporter.
  2856 | D:5      | Entered Level 5 of the Dungeon
  2856 | D:5      | Found Joeclij's Weapon Shop.
  2990 | D:5      | Reached skill level 12 in Polearms
  3014 | D:5      | Reached **** piety under Trog
  3322 | D:6      | Got a shimmering ivory ring
  3323 | D:6      | Identified the ring "Vaewod" {Str+4 Int+6} (You found it on
                  | level 6 of the Dungeon)
  3398 | D:6      | Reached skill level 13 in Polearms
  3423 | D:6      | Noticed a hippogriff
  3447 | D:6      | Killed a hippogriff
  3724 | D:6      | Reached XP level 9. HP: 65/70 MP: 8/8
  3754 | D:6      | Found a radiant altar of Vehumet.
  3766 | D:6      | Found a hide-covered altar of Uskayaw.
  3900 | D:6      | Reached skill level 14 in Polearms
  4210 | D:7      | Found a staircase to the Ecumenical Temple.
  4478 | D:7      | Found a sand-covered staircase.
  4485 | Ossuary  | Entered an ossuary
  4514 | Ossuary  | Reached skill level 5 in Fighting
  4573 | Ossuary  | Reached ***** piety under Trog
  4891 | D:7      | Reached skill level 5 in Armour
  4934 | D:7      | Found a glowing golden altar of the Shining One.
  5705 | D:8      | Found a basalt altar of Yredelemnul.
  5722 | D:8      | Reached XP level 10. HP: 61/88 MP: 9/9
  5937 | D:8      | Noticed a two-headed ogre
  5943 | D:8      | Killed a two-headed ogre
  6239 | D:9      | Found a shimmering altar of Xom.
  6241 | D:9      | Found a shimmering altar of Xom.
  6260 | D:9      | Found a shimmering altar of Xom.
  6261 | D:9      | Found a shimmering altar of Xom.
  6261 | D:9      | Found a shimmering altar of Xom.
  6263 | D:9      | Found a shimmering altar of Xom.
  6263 | D:9      | Found a shimmering altar of Xom.
  6386 | D:9      | Gained mutation: You have a pair of large horns on your
                  | head. [potion of mutation]
  6386 | D:9      | Gained mutation: You are frail. (-10% HP) [potion of
                  | mutation]
  6386 | D:9      | Gained mutation: Your mind is acute. (Int +2) [potion of
                  | mutation]
  6586 | D:9      | Found an opulent altar of Gozag.
  6586 | D:9      | Found a shimmering blue altar of Sif Muna.
  6869 | D:10     | Entered Level 10 of the Dungeon
  6950 | D:10     | Reached skill level 10 in Fighting
  7151 | D:10     | Reached skill level 10 in Armour
  7245 | D:10     | Found a staircase to the Lair.
  7270 | Lair:1   | Entered Level 1 of the Lair of Beasts
  7270 | Lair:1   | Noticed a spiny frog
  7282 | Lair:1   | Killed a spiny frog
  7282 | Lair:1   | Reached skill level 1 in Shields
  7282 | Lair:1   | Reached skill level 1 in Evocations
  7365 | Lair:1   | Noticed Erica
  7381 | Lair:1   | Killed Erica
  7381 | Lair:1   | Reached XP level 11. HP: 84/90 MP: 9/11
  7442 | Lair:1   | Noticed a four-headed hydra
  7449 | Lair:1   | Killed a four-headed hydra
  8146 | Lair:2   | Noticed an eight-headed hydra
  8157 | Lair:2   | HP: 5/136 [eight-headed hydra (6)]
  8157 | Lair:2   | HP: 2/136 [eight-headed hydra (3)]
  8157 | Lair:2   | Slain by an eight-headed hydra

Illustrated notes

Levels and vault maps discovered:
D:1:      ncdulo_watergridlock, layout_basic
D:2:      layout_loops_ring, first_ration, minmay_misc_feat_ornament,
          minmay_guardbox, uniq_natasha
D:3:      layout_rooms, uniq_grinder
D:4:      gammafunk_steamed_eel, layout_cave_pools, serial_bayou_pond_e
D:5:      layout_rooms, serial_shops, shop
D:6:      layout_loops_cross, amethyst_overflow_temple_binary
D:7:      layout_gridville, minmay_temple_entry_glassed_door,
          nicolae_ossuary_entry_ruins, basic_altar, grunt_ogre_cave
D:8:      minmay_bubble_buster, layout_basic, basic_altar
D:9:      layout_long_grid, grunt_temple_overflow_open, xom_shifter_show
D:10:     layout_gridville, dpeg_oklobed_lair
Lair:1:   layout_hall_layers, uniq_erica
Lair:2:   layout_cave_shapes, elwin_shoals_entry_stream, serial_bayou_lagoon_a,
          lemuel_fruit_fields, infiniplex_staircase_pool_2, uniq_gastronok

Skill      XL: |  1  2  3  4  5  6  7  8  9 10 11 |
---------------+----------------------------------+-----
Polearms       | 4 5 6 8 9 11 13 14 | 14.0
Fighting       | 7 10 11 | 11.0
Armour         | 7 10 | 10.7
Shields        | 3 4 |  4.0
Evocations     | 2 3 |  3.0
Dodging        | |  2.1

Action                   |  1- 3 |  4- 6 |  7- 9 | 10-12 || total
-------------------------+-------+-------+-------+-------++-------
Melee: Spear             |    98 |   140 |       |       ||   238
       Headbutt          |    11 |    24 |   100 |    73 ||   208
       Trident           |       |    12 |   440 |   307 ||   759
Invok: Berserk           |       |     1 |     2 |     1 ||     4
  Use: Scroll            |     5 |     1 |     5 |     4 ||    15
       Potion            |     2 |     1 |     7 |     2 ||    12
  Eat: Chunk             |       |     3 |    15 |     7 ||    25
       Ration            |       |       |       |     1 ||     1
Armor: Animal skin       |     1 |       |       |       ||     1
       Scale mail        |    26 |    24 |    65 |       ||   115
       Plate armour      |       |       |    68 |   104 ||   172
Dodge: Dodged            |    23 |    36 |   132 |    54 ||   245
Block: Buckler           |       |     3 |    56 |    48 ||   107
